Map: Pillars of Gold LE

Players

AqueroN

  • Race: Terran Terran
  • League: Grandmaster
  • Spawn Location: 7:00

GunGFuBanDa - Winner!

  • Race: Protoss Protoss
  • League: Grandmaster
  • Spawn Location: 1:00

Event: DreamHack SC2 Masters 2020 Winter

VOD

Have the link to the VOD?

Description

Time

  • Played on: Oct. 24, 2020, 2:25 p.m.
  • Length: 9:08

All games in this series

Show
View Real Time Build Order
Export as new Build Order

AqueroN Terran 

Build Orders:  

Get SALT Encoding   

  12  0:00  SCV  
  13  0:12  SCV  
  14  0:17  Supply Depot  
  14  0:24  SCV  
  15  0:39  SCV  
  15  0:40  Barracks  
  16  0:45  Refinery  
  16  0:51  SCV  
  17  1:03  SCV  
  18  1:13  Engineering Bay  
  18  1:15  SCV  
  19  1:27  Marine, Orbital Command  
  20  1:39  Supply Depot  
  20  1:45  Marine  
  21  1:49  Factory  
  21  1:54  SCV  
  22  2:03  Marine  
  22  2:06  SCV  
  24  2:18  SCV  
  26  2:28  Command Center  
  25  2:34  Hellion  
  27  2:37  Starport  
  27  2:41  Barracks Reactor  
  28  2:44  SCV  
  28  2:49  Supply Depot  
  28  2:56  Hellion  
  28  2:57  SCV  
  31  3:01  Refinery  
  31  3:11  SCV  
  32  3:17  Hellion  
  32  3:18  Medivac  
  32  3:19  Marine  
  36  3:21  Marine  
  36  3:26  SCV  
  38  3:30  Supply Depot  
  38  3:38  SCV  
  38  3:39  Factory Tech Lab  
  39  3:44  Orbital Command  
  39  3:47  Marine  
  40  3:50  Marine  
  40  3:53  SCV  
  45  4:04  Siege Tank  
  45  4:08  Barracks  
  45  4:10  Marine  
  45  4:12  Marine  
  45  4:16  SCV  
  48  4:18  SCV  
  49  4:28  Marine, SCV  
  49  4:30  SCV, Marine  
  53  4:33  Supply Depot  
  53  4:39  Siege Tank  
  53  4:44  SCV, Supply Depot  
  57  4:46  SCV  
  57  4:50  Marine x2, Starport Reactor  
  60  4:55  Supply Depot  
  60  4:57  Barracks Tech Lab  
  60  5:01  Barracks  
  60  5:04  SCV  
  60  5:05  SCV  
  60  5:09  Marine x2  
  60  5:13  Siege Tank  
  61  5:18  Marine, Stimpack  
  61  5:19  SCV  
  61  5:21  SCV  
  64  5:27  Marine x2  
  66  5:31  Engineering Bay  
  66  5:34  SCV x2  
  68  5:36  Supply Depot  
  68  5:39  Refinery  
  68  5:43  Barracks  
  68  5:44  Marine x2  
  68  5:47  SCV  
  68  5:48  SCV  
  69  6:03  SCV  
  69  6:04  Marine x2  
  69  6:06  Barracks Reactor  
  69  6:07  Marine  
  69  6:08  SCV  
  69  6:10  Medivac  
  74  6:11  Siege Tank  
  74  6:15  SCV  
  76  6:20  SCV, Supply Depot  
  76  6:21  Marine  
  76  6:22  Marine  
  76  6:23  Terran Infantry Weapons Level 1  
  76  6:24  Missile Turret, Marine  
  80  6:31  Marine  
  81  6:33  SCV x2  
  81  6:36  Medivac  
  81  6:39  Marine x2  
  86  6:42  Marine  
  86  6:44  Marine x2  
  90  6:47  Medivac  
  90  6:49  Marine  
  93  6:57  Marine x2  
  93  6:59  Supply Depot  
  93  7:00  Marine  
  96  7:01  Marine  
  96  7:02  Marine  
  96  7:03  SCV  
  96  7:04  SCV  
  96  7:07  Marine  
  99  7:15  Combat Shield, Marine x2  
  101  7:20  Siege Tank  
  101  7:25  Marine x3  
  104  7:30  Medivac  
  104  7:34  Marine x2  
  108  7:43  Marine  
  109  7:52  Marine x2  
  109  7:57  Marine x2  
  113  7:59  Siege Tank  
  113  8:04  Marine  
  113  8:05  Marine  
  118  8:11  Marine x2  
  114  8:19  Marine  
  106  8:20  Marine  
  106  8:22  Marine  
  106  8:26  Marine  
  96  8:29  Marine  
  83  8:44  Marine x2  
  76  8:48  Marine  
Show
View Real Time Build Order
Export as new Build Order

GunGFuBanDa Protoss - Winner!

Build Orders: Phoenix Opening 

Get SALT Encoding   

  12  0:00  Probe  
  13  0:12  Probe  
  14  0:19  Pylon  
  14  0:24  Probe (Chrono Boost)  
  15  0:39  Probe (Chrono Boost)  
  15  0:40  Gateway  
  16  0:44  Probe (Chrono Boost)  
  16  0:49  Assimilator  
  17  0:53  Probe  
  18  1:05  Probe  
  19  1:19  Probe  
  20  1:29  Cybernetics Core  
  20  1:31  Probe  
  21  1:48  Nexus  
  21  1:52  Probe  
  22  1:56  Pylon  
  21  2:03  Assimilator  
  21  2:05  Warp Gate  
  22  2:08  Probe  
  22  2:12  Adept (Chrono Boost)  
  24  2:20  Probe  
  25  2:32  Probe (Chrono Boost)  
  25  2:35  Adept  
  29  2:44  Probe (Chrono Boost)  
  29  2:46  Stargate  
  29  2:50  Probe (Chrono Boost)  
  30  3:02  Probe (Chrono Boost)  
  30  3:03  Probe (Chrono Boost)  
  34  3:12  Probe (Chrono Boost)  
  34  3:14  Probe (Chrono Boost)  
  34  3:17  Probe (Chrono Boost)  
  35  3:20  Pylon  
  35  3:23  Probe  
  35  3:25  Gateway  
  36  3:28  Phoenix (Chrono Boost)  
  36  3:29  Probe  
  39  3:36  Shield Battery  
  39  3:38  Probe  
  40  3:41  Probe  
  40  3:44  Shield Battery  
  41  3:50  Phoenix  
  41  3:52  Probe  
  44  3:57  Stalker  
  44  4:01  Probe  
  47  4:04  Probe  
  48  4:13  Phoenix (Chrono Boost), Probe  
  51  4:19  Pylon  
  51  4:20  Probe  
  52  4:25  Probe  
  53  4:36  Phoenix  
  54  4:39  Probe  
  54  4:40  Adept x2  
  59  4:46  Pylon  
  59  4:51  Nexus, Probe  
  60  4:54  Probe  
  60  4:58  Pylon  
  61  5:04  Phoenix  
  63  5:11  Probe  
  63  5:12  Probe  
  65  5:14  Twilight Council  
  65  5:16  Forge  
  65  5:19  Assimilator  
  65  5:23  Probe  
  65  5:24  Assimilator, Pylon  
  66  5:34  Probe  
  67  5:36  Probe  
  67  5:41  Pylon  
  68  5:44  Zealot, Sentry  
  68  5:46  Probe  
  73  5:51  Charge  
  69  5:58  Protoss Ground Armor Level 1 (Chrono Boost)  
  69  6:00  Probe x2  
  65  6:04  Gateway  
  65  6:06  Probe  
  65  6:07  Gateway  
  66  6:11  Zealot, Sentry  
  66  6:12  Probe  
  66  6:18  Templar Archives  
  71  6:20  Gateway  
  71  6:23  Gateway  
  71  6:28  Psionic Storm  
  71  6:29  Probe x3  
  71  6:32  Gateway  
  74  6:34  Gateway  
  74  6:37  Zealot x2  
  78  6:46  Shield Battery  
  78  6:48  Pylon  
  78  7:02  High Templar  
  78  7:08  High Templar, Zealot  
  82  7:09  Zealot  
  82  7:11  Pylon  
  86  7:15  Shield Battery  
  86  7:17  Shield Battery  
  86  7:19  Pylon  
  86  7:22  Zealot x2  
  90  7:27  High Templar  
  90  7:29  Zealot x2  
  94  7:37  Zealot x2  
  94  7:41  Shield Battery  
  94  7:43  High Templar, Zealot x2  
  104  7:48  Gateway  
  104  7:54  Pylon, Zealot x2  
  104  7:55  Pylon  
  108  7:59  Pylon  
  108  8:07  Zealot x4  
  116  8:21  Zealot x4  
  116  8:22  Archon  
  110  8:46  Phoenix (Chrono Boost), Zealot x9  
  118  8:50  Archon  
Tags
 
Add a new tag
Caveats
  • Supply blocks, unpowered buildings, or Contaminate may cause inaccurate times.
  • Supply counts are checked every 10 seconds.